cohdb
Replays
Latest Replays
All Replays
Popular Replays
Top Player Replays
Match Explorer
How It Works
Community
CoH3 Stats
Reddit
Sign in to upload your games and track your stats! →
Sign in with Steam
Match 46728071
Unlisted
Match 46728071
Overview
Messages
Build Orders
End
Construct Infanterie Kompanie
Selects Italian Coastal Battlegroup
Selects Coastal Reserves
MG 42 Machine Gun Team
Coastal Reserve
GrW 34 Mortar Team
Coastal Reserve
Coastal Reserve
Construct Luftwaffe Kompanie
Selects Artillery Officer
221 Scout Car
Jäger Squad
MG 42 Bunker
Selects Support Bunkers
Support Elements
Wirbelwind Flakpanzer
Selects Rapid Fortifications
Medical Station
Pioneer Squad
Wirbelwind Flakpanzer
Selects Bulwark
Rapid Fortifications
MG 42 Bunker
我出奶车
Wheel Ones
KoalaImpala
Guacamole Stains
Mr.TtoYou
Enoche
0
0
Comments
sign in to comment!
No comments posted yet!